Map: Costas tropicales

Players

MrFercho

  • Race: Terran Terran
  • Spawn Location: 12:00

tigro

  • Race: Terran Terran
  • Spawn Location: 12:00

IA (Difícil)

  • Race: Zerg Zerg
  • Spawn Location: 5:00

IA (Difícil)

  • Race: Zerg Zerg
  • Spawn Location: 6:00

IA (Difícil)

  • Race: Zerg Zerg
  • Spawn Location: 5:00

IA (Difícil)

  • Race: Protoss Protoss
  • Spawn Location: 11:00

VOD

Have the link to the VOD?

Description

Time

  • Played on: Nov. 19, 2018, 3:23 p.m.
  • Length: 26:11
Show
View Real Time Build Order
Export as new Build Order

MrFercho Terran 

Build Orders:  

Get SALT Encoding   

  12  0:03  SCV  
  13  0:40  Supply Depot  
  13  0:50  SCV  
  13  0:54  Refinery  
  14  1:02  SCV  
  15  1:09  Barracks  
  15  1:14  SCV  
  16  1:26  SCV  
  16  1:32  Supply Depot  
  17  1:38  SCV  
  18  1:54  SCV  
  19  1:58  Barracks  
  19  2:03  Engineering Bay  
  19  2:06  SCV  
  20  2:13  Barracks Tech Lab  
  20  2:18  SCV  
  21  2:29  Engineering Bay  
  21  2:34  Planetary Fortress  
  21  2:47  Barracks Tech Lab  
  21  2:58  Refinery  
  21  3:18  Marauder, Marine  
  24  3:36  Marauder  
  24  3:39  Marine  
  27  3:42  SCV  
  28  3:54  SCV  
  29  3:57  Marauder  
  31  4:18  SCV  
  31  4:28  Marauder  
  31  4:35  SCV  
  31  4:40  Supply Depot  
  31  4:42  Supply Depot  
  31  4:43  Marauder  
  31  4:44  Supply Depot  
  31  4:46  Terran Infantry Armor Level 1  
  31  4:48  Terran Infantry Weapons Level 1  
  31  5:01  Marine  
  31  5:02  SCV  
  31  5:03  Supply Depot, Marine  
  34  5:07  Supply Depot  
  34  5:09  Supply Depot  
  34  5:19  Marine  
  31  5:26  Supply Depot  
  29  5:43  Marauder  
  29  5:44  Marauder  
  31  6:00  Factory  
  31  6:04  Marine  
  31  6:05  Marauder, Factory x2  
  33  6:22  Marine  
  34  6:26  Marine  
  30  7:17  Bunker  
  30  7:22  Marine x2  
  30  7:29  Factory Tech Lab x3  
  32  7:40  Marine x2  
  34  7:48  Bunker  
  34  7:58  Marine x2  
  36  8:11  Hi-Sec Auto Tracking, Neosteel Frame  
  36  8:16  Marine x2  
  36  8:19  Missile Turret  
  38  8:27  Armory  
  38  8:29  Armory  
  38  8:34  Armory, Marine x2  
  39  8:40  Missile Turret  
  40  8:52  Marauder x2  
  40  8:54  Siege Tank  
  40  8:55  Siege Tank x2  
  53  9:08  Neosteel Armor  
  53  9:32  Starport  
  53  9:36  Starport  
  46  10:12  Hellion x2  
  46  10:13  Thor  
  54  10:18  Starport Tech Lab x2  
  52  10:45  Command Center  
  52  10:46  Refinery  
  50  10:50  Refinery  
  50  10:56  Medivac, Banshee  
  53  12:32  Marauder x2  
  57  12:54  Marauder x2  
  50  13:14  Marine  
  50  13:15  Marine  
  49  13:32  Marine, Siege Tank x3  
  56  13:43  Banshee  
  56  13:44  Banshee  
  51  14:04  Missile Turret  
  43  14:26  Banshee, Missile Turret  
  46  15:16  Marauder x2  
  50  15:38  Marauder x2  
  54  15:59  Marauder x2  
  58  18:30  Command Center  
  34  18:59  Marine  
  26  20:09  Sensor Tower  
  26  20:17  Refinery  
  26  20:25  Refinery  
  26  21:14  Thor  
  26  21:15  Siege Tank x2  
  38  21:34  Raven  
  38  21:36  Viking  
  42  21:47  Cyclone  
  45  22:06  Viking  
  8  23:14  Hellion, Cyclone x2  
  9  23:35  Cyclone  
Show
View Real Time Build Order
Export as new Build Order

tigro Terran 

Build Orders:  

Get SALT Encoding   

  12  0:04  SCV  
  13  0:16  Refinery  
  13  0:29  Refinery  
  13  0:32  SCV  
  14  0:44  Supply Depot, SCV  
  15  1:06  SCV  
  16  1:15  Barracks  
  16  1:25  Engineering Bay  
  16  1:30  SCV  
  17  1:42  SCV  
  18  1:56  SCV  
  19  2:03  Marine  
  19  2:04  Barracks  
  19  2:08  SCV  
  21  2:18  Terran Infantry Weapons Level 1  
  21  2:21  Marine  
  21  2:38  Marine  
  21  2:40  Planetary Fortress  
  21  2:52  Marine  
  21  2:56  Marine  
  22  3:10  Marine  
  23  3:14  Marine  
  22  3:27  Marine  
  23  3:56  Marine  
  23  4:02  Marine  
  22  4:12  Terran Infantry Armor Level 1  
  22  4:14  Marine  
  23  4:28  Marine  
  22  4:32  Marine  
  23  4:47  Supply Depot  
  23  4:56  Marine  
  23  4:59  Marine  
  22  5:28  Command Center  
  18  6:39  Marine x2  
  20  6:43  Planetary Fortress  
  20  6:57  Marine x2  
  22  7:04  Barracks  
  22  7:15  Marine x2  
  22  7:33  Marine x2  
  21  7:51  Marine x3  
  23  8:08  Marine x2  
  23  8:09  Marine  
  26  8:26  Marine x2  
  24  8:27  Marine  
  23  8:44  Marine x2  
  23  8:45  Marine  
  24  9:02  Marine x2  
  26  9:03  Marine  
  24  9:20  Marine  
  24  9:21  Marine  
  24  9:23  Barracks Tech Lab  
  26  9:37  Marine  
  27  9:38  Marine  
  28  9:54  Missile Turret  
  28  9:55  Marine  
  28  9:56  Marine  
  30  10:03  Marauder  
  27  10:25  Marauder  
  28  10:31  Barracks Tech Lab  
  26  10:37  Barracks Tech Lab  
  25  10:46  Marauder  
  22  11:08  Marauder  
  22  11:11  Marauder  
  26  11:24  Marine  
  27  11:29  Marauder  
  27  11:32  Marauder  
  31  12:21  Marauder  
  31  12:37  Marauder  
  31  12:40  Marine  
  30  12:58  Marine  
  31  13:19  Hi-Sec Auto Tracking  
  31  13:21  Command Center  
  31  13:32  Missile Turret  
  31  14:16  Neosteel Armor  
  31  14:32  Marine  
  31  14:33  Marauder  
  31  14:34  Refinery  
  36  14:55  Factory  
  34  15:02  SCV  
  34  15:14  SCV  
  35  15:26  SCV  
  36  15:38  SCV  
  37  15:50  SCV  
  38  16:01  Supply Depot  
  38  16:22  Factory Tech Lab  
  38  16:33  Supply Depot  
  38  16:50  Siege Tank  
  41  16:57  Armory  
  41  17:05  SCV  
  42  17:18  SCV  
  46  17:22  Siege Tank  
  46  17:24  Missile Turret  
  46  17:30  SCV  
  47  17:47  Missile Turret  
  47  17:54  Siege Tank  
  50  18:06  Planetary Fortress  
  50  18:07  Missile Turret  
  50  18:25  Terran Ship Weapons Level 1  
  50  18:27  Siege Tank  
  53  18:32  Refinery  
  48  18:50  Marauder  
  48  18:54  Marine  
  34  18:59  Siege Tank  
  35  19:12  Marauder, Marine  
  35  19:29  Marine  
  35  19:30  Thor  
  42  19:33  Marauder  
  44  19:47  Marine  
  45  19:54  Marauder  
  47  20:05  Marine  
  48  20:13  Thor  
  54  20:16  Marauder  
  54  20:17  Infernal Pre-Igniter  
  54  20:18  Starport  
  54  20:19  Terran Vehicle Weapons Level 1  
  56  20:23  Combat Shield  
  56  20:56  Siege Tank  
  59  20:57  Missile Turret  
  59  21:04  Starport  
  59  21:05  Starport Tech Lab  
  59  21:36  Rapid Fire Launchers  
  59  21:42  Missile Turret  
  59  22:06  Neosteel Frame  
  59  22:17  Thor  
  44  22:35  Terran Vehicle And Ship Armor Level 1  
  29  22:59  Marine  
  14  23:37  Barracks  
  14  24:27  Barracks Tech Lab  
  14  24:51  Marauder  
  16  25:06  Missile Turret  
  16  25:12  Marauder  
  18  25:33  Marauder  
  20  25:43  Engineering Bay  
Show
View Real Time Build Order
Export as new Build Order

IA (Difícil) Zerg 

Build Orders: 1 Base Baneling Bust, Pool First, Zergling Baneling 

Get SALT Encoding   

  12  0:01  Drone  
  13  0:12  Overlord  
  13  0:18  Drone  
  14  0:30  Drone  
  14  0:32  Drone  
  16  0:45  Spawning Pool  
  16  0:46  Drone  
  16  0:50  Drone  
  16  0:53  Extractor  
  16  0:56  Drone  
  17  1:06  Overlord  
  18  1:32  Zergling x2  
  18  1:33  Queen  
  18  1:36  Zergling x2  
  18  1:38  Roach Warren, Drone  
  21  1:45  Extractor  
  20  1:49  Drone  
  21  1:56  Baneling Nest  
  21  2:00  Drone  
  21  2:10  Drone  
  22  2:21  Zergling x2  
  23  2:32  Drone  
  24  2:39  Zergling x2, Overlord  
  24  2:43  Zergling x2  
  26  2:47  Baneling x2, Zergling x2  
  26  2:51  Baneling x2  
  27  2:54  Drone  
  29  3:05  Zergling x2  
  29  3:12  Zergling x2, Overlord  
  30  3:15  Zergling x2  
  30  3:19  Zergling x2  
  32  3:28  Zergling x2  
  33  3:35  Baneling  
  33  3:38  Zergling x2  
  33  3:42  Baneling  
  33  3:46  Zergling x2  
  27  3:50  Zergling x2  
  27  3:53  Zergling x2  
  27  3:57  Zergling x2  
  27  4:04  Zergling x2  
  27  4:15  Zergling x2  
  26  4:22  Zergling x2  
  25  4:25  Zergling x2  
  25  4:29  Zergling x2  
  26  4:33  Zergling x2  
  26  4:37  Baneling x2  
  26  4:38  Zergling x2  
  28  4:41  Baneling x2  
  28  4:48  Zergling x2  
  28  4:52  Zergling x2  
  30  4:55  Zergling x2  
  30  4:59  Zergling x2  
  32  5:03  Zergling x2  
  32  5:06  Baneling  
  33  5:07  Baneling x3  
  33  5:12  Zergling x2  
  34  5:18  Baneling, Zergling x2  
  35  5:23  Zergling x2  
  35  5:26  Zergling x2, Evolution Chamber  
  35  5:27  Drone  
  35  5:30  Baneling  
  35  5:31  Baneling x2  
  35  5:35  Zergling x2  
  34  5:46  Zergling x2  
  33  5:50  Baneling  
  30  5:59  Zergling x2  
  29  6:04  Hatchery  
  29  6:08  Zergling x2  
  29  6:17  Roach  
  29  6:26  Roach  
  31  6:34  Lair  
  31  6:37  Baneling  
  28  6:58  Drone  
  29  7:03  Drone  
  29  7:06  Drone  
  31  7:11  Drone  
  32  7:15  Drone  
  32  7:20  Drone  
  34  7:25  Drone  
  35  7:35  Hydralisk Den  
  35  7:36  Drone  
  35  7:38  Evolution Chamber  
  35  7:40  Drone  
  35  7:45  Roach  
  37  7:54  Roach  
  37  8:01  Drone  
  37  8:02  Roach  
  37  8:04  Drone  
  41  8:07  Drone  
  41  8:09  Drone  
  41  8:10  Hydralisk  
  44  8:14  Overlord  
  44  8:19  Hydralisk  
  44  8:21  Drone  
  44  8:24  Drone  
  46  8:29  Drone, Roach  
  46  8:31  Drone  
  46  8:33  Drone  
  51  8:36  Drone  
  51  8:41  Zerg Melee Weapons Level 1, Drone  
  52  8:47  Drone  
  54  8:52  Overlord  
  54  8:55  Zerg Ground Armor Level 1  
  54  8:57  Drone  
  54  9:01  Drone  
  56  9:03  Drone  
  56  9:04  Drone  
  56  9:06  Drone  
  59  9:10  Drone  
  59  9:12  Burrow  
  59  9:13  Zergling x2  
  61  9:20  Overlord  
  61  9:24  Roach  
  63  9:33  Roach  
  63  9:38  Overlord  
  65  9:41  Roach  
  65  9:42  Overseer  
  65  9:44  Overseer  
  67  9:49  Spore Crawler  
  67  9:50  Roach  
  67  9:52  Spore Crawler  
  67  9:55  Spore Crawler  
  67  9:59  Queen, Roach, Spore Crawler  
  69  10:01  Drone  
  70  10:07  Hydralisk  
  70  10:09  Overlord  
  70  10:12  Hydralisk  
  74  10:17  Overseer  
  74  10:20  Zergling x2  
  74  10:23  Pneumatized Carapace  
  74  10:24  Hydralisk  
  76  10:29  Hydralisk  
  76  10:30  Overlord  
  76  10:34  Queen  
  76  10:35  Zerg Missile Weapons Level 1  
  80  10:36  Infestation Pit  
  79  10:42  Hatchery  
  78  10:51  Zerg Melee Weapons Level 2  
  78  11:07  Glial Reconstitution  
  78  11:14  Infestor  
  78  11:17  Extractor  
  79  11:21  Extractor  
  79  11:22  Drone  
  79  11:31  Pathogen Glands  
  79  11:32  Spine Crawler  
  78  11:33  Drone  
  78  11:37  Spine Crawler  
  79  11:40  Drone  
  79  11:41  Drone, Spine Crawler  
  79  11:43  Drone  
  79  11:44  Drone  
  79  11:46  Drone  
  82  11:47  Drone  
  82  11:49  Drone  
  82  11:50  Spire  
  83  11:59  Drone  
  84  12:02  Drone  
  84  12:05  Drone  
  84  12:08  Drone  
  87  12:10  Drone  
  87  12:12  Drone  
  87  12:14  Drone  
  90  12:16  Drone  
  90  12:18  Drone  
  90  12:19  Drone  
  90  12:21  Drone  
  94  12:25  Overlord  
  94  12:27  Drone  
  94  12:28  Zerg Ground Armor Level 2  
  94  12:29  Drone  
  96  12:30  Drone  
  96  12:32  Drone  
  96  12:33  Drone  
  96  12:35  Drone  
  96  12:36  Drone  
  101  12:43  Overlord  
  101  12:49  Spine Crawler  
  101  12:50  Drone  
  101  12:52  Spore Crawler  
  101  12:53  Drone  
  101  12:55  Spore Crawler  
  101  12:56  Roach x2  
  101  12:57  Drone  
  101  12:59  Queen  
  101  13:03  Zerg Flyer Armor Level 1  
  103  13:07  Zerg Missile Weapons Level 2  
  103  13:22  Spine Crawler  
  103  13:23  Drone  
  103  13:24  Spine Crawler  
  103  13:26  Drone  
  103  13:27  Spine Crawler  
  102  13:28  Drone  
  102  13:30  Infestor  
  105  13:36  Corruptor, Hive  
  105  13:37  Overlord  
  107  13:45  Extractor, Roach x4  
  107  13:47  Extractor  
  99  14:05  Drone  
  99  14:06  Drone  
  99  14:07  Roach  
  97  14:11  Overseer  
  97  14:13  Zergling x2  
  87  14:19  Roach  
  87  14:24  Roach  
  81  14:29  Roach  
  81  14:34  Roach  
  81  14:38  Hydralisk  
  83  14:43  Overlord, Hydralisk  
  87  14:48  Viper, Hydralisk  
  92  14:53  Infestor  
  92  14:55  Ultralisk Cavern  
  92  14:58  Greater Spire  
  92  14:59  Roach  
  95  15:01  Drone  
  95  15:04  Roach  
  98  15:08  Overlord  
  98  15:09  Roach  
  100  15:14  Roach  
  100  15:19  Roach  
  104  15:24  Hydralisk  
  106  15:29  Hydralisk  
  106  15:34  Hydralisk  
  110  15:39  Infestor, Viper  
  110  15:40  Overlord  
  115  15:44  Infestor  
  117  15:58  Hatchery, Neural Parasite  
  116  16:10  Zerg Flyer Weapons Level 1  
  116  16:11  Brood Lord, Corruptor  
  120  16:21  Zerg Melee Weapons Level 3  
  120  16:46  Corruptor  
  122  16:47  Brood Lord  
  124  16:58  Zerg Ground Armor Level 3  
  124  17:08  Overlord, Overseer  
  124  17:11  Queen, Drone  
  124  17:14  Extractor  
  124  17:15  Drone, Spore Crawler  
  127  17:16  Drone  
  127  17:17  Spore Crawler  
  127  17:18  Extractor, Drone  
  127  17:20  Drone  
  127  17:22  Brood Lord  
  129  17:35  Tunneling Claws  
  129  17:42  Spine Crawler  
  129  17:43  Drone  
  129  17:44  Spine Crawler  
  129  17:50  Ultralisk, Overlord  
  134  18:03  Ultralisk  
  140  18:15  Ultralisk, Overlord  
  146  18:27  Ultralisk  
  146  18:33  Overlord, Drone  
  146  18:34  Zergling x2  
  149  18:40  Ultralisk  
  149  18:48  Ultralisk  
  147  18:54  Hydralisk  
  143  19:00  Hydralisk  
  143  19:01  Zerg Missile Weapons Level 3  
  143  19:07  Hydralisk  
  145  19:10  Chitinous Plating  
  145  19:26  Zerg Flyer Weapons Level 2  
  145  20:25  Spire  
  144  21:18  Mutalisk  
  144  21:20  Hatchery  
  144  21:21  Overlord  
  144  21:24  Mutalisk  
  147  21:29  Mutalisk  
  149  21:34  Corruptor  
  149  21:39  Overlord, Mutalisk  
  153  21:41  Zerg Flyer Armor Level 2  
  153  21:42  Zerg Flyer Weapons Level 3  
  153  21:44  Mutalisk  
  155  21:49  Mutalisk  
  157  21:54  Corruptor  
  157  21:59  Overlord, Mutalisk  
  161  22:04  Mutalisk  
  163  22:09  Mutalisk  
  163  22:14  Mutalisk  
  166  22:19  Mutalisk  
  162  22:24  Mutalisk  
  158  22:30  Corruptor  
  158  22:32  Queen, Drone  
  158  22:34  Drone  
  158  22:35  Corruptor  
  160  22:54  Extractor  
  160  22:55  Drone, Spore Crawler  
  160  22:57  Drone  
  160  22:58  Spore Crawler  
  160  22:59  Drone  
  160  23:00  Extractor  
  160  23:01  Drone  
  160  23:24  Spine Crawler  
  160  23:25  Drone  
  160  23:27  Spine Crawler  
  160  23:28  Drone  
  160  24:54  Roach  
  160  24:57  Roach  
  164  25:00  Roach  
  164  25:03  Roach  
  164  25:06  Zergling x2  
  169  25:09  Roach  
  169  25:12  Roach  
  173  25:15  Roach  
  173  25:18  Roach  
  173  25:21  Roach  
  179  25:23  Roach  
  179  25:26  Roach  
  183  25:29  Roach  
  183  25:32  Roach  
  183  25:35  Roach  
  189  25:38  Roach  
  189  25:41  Roach  
  193  25:43  Hydralisk  
  193  25:46  Hydralisk  
Show
View Real Time Build Order
Export as new Build Order

IA (Difícil) Zerg 

Build Orders: 1 Base Baneling Bust, Pool First 

Get SALT Encoding   

  12  0:01  Drone  
  13  0:12  Overlord  
  13  0:18  Drone  
  14  0:31  Drone  
  14  0:32  Drone  
  16  0:42  Spawning Pool  
  16  0:45  Drone  
  16  0:49  Drone  
  17  0:52  Extractor  
  17  0:56  Drone  
  17  1:06  Overlord  
  17  1:30  Queen  
  17  1:31  Zergling x2  
  20  1:36  Zergling x2  
  20  1:38  Roach Warren  
  20  1:39  Drone  
  21  1:43  Extractor  
  20  1:50  Drone  
  20  1:55  Baneling Nest  
  20  2:00  Drone  
  18  2:11  Zergling x2  
  19  2:21  Drone  
  20  2:32  Zergling x2  
  20  2:37  Zergling x2, Drone  
  20  2:41  Zergling x2  
  23  2:46  Zergling x2  
  22  2:53  Queen  
  22  2:58  Drone  
  24  3:06  Overlord  
  22  3:16  Zergling x2  
  22  3:26  Zergling x2  
  23  3:37  Drone  
  23  3:45  Baneling  
  23  3:46  Baneling  
  23  3:48  Zergling x2  
  24  3:59  Zergling x2  
  25  4:04  Zergling x2  
  25  4:08  Zergling x2  
  26  4:13  Zergling x2  
  26  4:21  Zergling x2  
  26  4:32  Zergling x2  
  26  4:36  Zergling x2  
  26  4:40  Zergling x2  
  26  4:45  Zergling x2  
  27  4:49  Zergling x2  
  27  4:57  Zergling x2  
  28  5:03  Zergling x2  
  29  5:08  Zergling x2  
  29  5:10  Evolution Chamber  
  29  5:12  Zergling x2  
  29  5:13  Drone  
  31  5:20  Zergling x2  
  30  5:30  Roach  
  30  5:34  Overlord  
  30  5:35  Zergling x2  
  33  5:39  Zergling x2  
  29  5:44  Zergling x2  
  29  5:51  Queen  
  29  5:53  Zergling x2  
  23  6:01  Baneling  
  23  6:03  Baneling, Drone  
  12  6:09  Zergling x2, Drone  
  12  6:10  Drone  
  10  6:15  Drone  
  9  6:28  Baneling x2  
  9  6:30  Zergling x2  
  9  6:50  Baneling  
  9  6:51  Baneling, Zergling x2  
  10  6:58  Drone  
  11  7:06  Drone  
  12  7:16  Drone  
  13  7:23  Drone  
  14  7:30  Drone  
  15  7:38  Drone  
  16  7:44  Drone  
  16  7:54  Drone  
  16  8:01  Zergling x2  
  10  8:20  Drone  
  10  8:28  Drone  
  11  8:34  Drone  
  12  8:42  Drone  
  13  8:48  Drone  
  14  9:09  Queen  
  16  9:16  Zergling x2  
  17  9:24  Zergling x2  
  12  10:17  Hatchery  
Show
View Real Time Build Order
Export as new Build Order

IA (Difícil) Zerg 

Build Orders: 1 Base Baneling Bust, Pool Only 

Get SALT Encoding   

  12  0:01  Drone  
  13  0:12  Overlord  
  13  0:17  Drone  
  14  0:31  Drone  
  14  0:32  Drone  
  16  0:43  Spawning Pool  
  16  0:46  Drone  
  16  0:50  Drone  
  16  0:52  Extractor  
  16  0:56  Drone  
  17  1:06  Overlord  
  17  1:31  Zergling x2  
  17  1:32  Queen  
  20  1:36  Zergling x2  
  20  1:38  Drone  
  20  1:39  Roach Warren  
  21  1:45  Extractor  
  20  1:49  Drone  
  21  1:56  Baneling Nest  
  21  2:00  Drone  
  19  2:11  Zergling x2  
  20  2:21  Zergling x2  
  21  2:32  Drone  
  21  2:40  Zergling x2, Overlord  
  22  2:45  Zergling x2  
  22  2:49  Zergling x2  
  23  2:55  Drone  
  24  3:03  Queen  
  24  3:06  Zergling x2  
  23  3:16  Zergling x2  
  22  3:21  Zergling x2, Drone  
  22  3:25  Baneling, Zergling x2  
  25  3:30  Zergling x2  
  26  3:39  Drone  
  26  3:45  Baneling  
  23  3:50  Zergling x2  
  23  3:54  Queen  
  23  4:00  Zergling x2  
  20  4:11  Drone  
  16  4:21  Drone  
  9  4:32  Drone  
  5  4:43  Drone  
Show
View Real Time Build Order
Export as new Build Order

IA (Difícil) Protoss 

Build Orders:  

Get SALT Encoding   

  12  0:01  Probe  
  13  0:13  Probe  
  14  0:21  Pylon  
  14  0:25  Probe  
  15  0:35  Probe  
  16  0:43  Probe  
  16  0:49  Assimilator  
  17  0:52  Probe  
  17  0:53  Gateway  
  18  1:00  Probe  
  19  1:05  Pylon  
  19  1:23  Probe  
  20  1:39  Zealot  
  20  1:43  Cybernetics Core  
  20  1:46  Gateway  
  22  1:47  Assimilator  
  22  2:07  Pylon  
  22  2:19  Stalker  
  24  2:30  Warp Gate  
  24  2:34  Zealot  
  26  2:49  Stalker  
  28  2:55  Pylon  
  28  3:03  Stalker  
  30  3:17  Probe  
  30  3:19  Stalker  
  33  3:29  Probe  
  33  3:31  Pylon  
  33  3:33  Stalker  
  36  3:41  Probe  
  37  3:46  Adept  
  36  3:53  Probe  
  36  3:54  Forge  
  38  4:03  Stalker  
  38  4:05  Probe  
  39  4:17  Probe  
  40  4:24  Adept  
  40  4:29  Probe  
  41  4:39  Pylon  
  41  4:41  Probe, Zealot  
  40  4:53  Probe  
  40  4:55  Zealot  
  37  5:05  Probe  
  36  5:10  Adept  
  32  5:24  Adept  
  27  5:38  Zealot  
  29  5:53  Stalker  
  29  6:07  Zealot  
  31  6:17  Stalker  
  29  6:23  Gateway  
  29  6:26  Nexus  
  29  6:27  Stalker  
  31  6:37  Protoss Ground Weapons Level 1  
  31  6:40  Stalker  
  31  6:50  Adept  
  29  7:03  Adept  
  29  7:13  Stalker  
  27  7:23  Stalker  
  29  7:34  Stalker  
  31  7:41  Probe  
  32  7:44  Adept  
  32  7:46  Probe  
  35  7:53  Probe  
  35  7:54  Zealot  
  35  7:58  Probe  
  39  8:04  Zealot  
  41  8:05  Probe  
  41  8:10  Probe  
  43  8:13  Protoss Ground Armor Level 1  
  43  8:14  Stalker  
  43  8:18  Probe  
  46  8:22  Probe  
  46  8:24  Stalker  
  49  8:30  Probe  
  49  8:33  Probe  
  48  8:35  Zealot  
  51  8:41  Probe  
  51  8:42  Probe  
  51  8:45  Zealot  
  55  8:51  Probe  
  55  8:54  Probe  
  55  8:55  Stalker, Pylon  
  59  9:03  Probe  
  59  9:05  Adept  
  62  9:15  Stalker  
  64  9:19  Robotics Facility  
  64  9:23  Twilight Council  
  64  9:25  Sentry  
  66  9:35  Adept  
  68  9:41  Pylon  
  68  9:48  Pylon  
  68  9:50  Zealot  
  64  9:57  Pylon  
  56  10:00  Stalker  
  56  10:05  Stalker  
  56  10:06  Photon Cannon, Observer  
  51  10:09  Photon Cannon  
  51  10:10  Stalker  
  45  10:23  Stalker  
  45  10:28  Observer  
  42  10:33  Stalker  
  44  10:47  Stalker  
  44  10:49  Immortal  
  50  10:53  Stalker  
  44  11:05  Robotics Facility  
  44  11:06  Assimilator  
  44  11:10  Stalker  
  44  11:12  Assimilator  
  44  11:17  Immortal  
  35  11:49  Immortal  
  37  12:02  Gateway  
  35  12:14  Nexus  
  27  12:25  Gateway  
  19  13:17  Nexus  
  12  13:37  Gateway  
  5  14:26  Probe  
  6  14:34  Probe  
  7  14:44  Probe  
  7  15:05  Gateway  
Tags
 
Add a new tag
Caveats
  • Supply blocks, unpowered buildings, or Contaminate may cause inaccurate times.
  • Supply counts are checked every 10 seconds.